[Event "Late-Titled-Tuesday-Blitz-March-26-2024"]
[Site "Chess.com"]
[Date "2024.03.26"]
[Round "3"]
[White "ahkashefi2800"]
[Black "stepanosinovsky"]
[Result "1-0"]
[WhiteElo "2591"]
[BlackElo "2374"]
[TimeControl "180+1"]
[EndTime "14:30:40 PDT"]
[Termination "ahkashefi2800 won on time"]

1. d4 Nf6 2. Nf3 g6 3. g3 Bg7 4. Bg2 O-O 5. O-O c6 6. c4 d6 7. Nc3 Nbd7 8. Bg5 e5 9. dxe5 dxe5 10. Qc2 Nc5 11. Nxe5 Bf5 12. e4 Be6 13. Rad1 Qa5 14.
a3 Ncxe4 15. Bxf6 Nxf6 16. Rfe1 Rfe8 17. Qc1 Ng4 18. b4 Qc7 19. Nxg4 Bxg4 20. Rxe8+ Rxe8 21. Re1 Rxe1+ 22. Qxe1 Qe5 23. Qxe5 Bxe5 24. Ne4 Be6 25. Nc5 Bc8 26. Nd3 Bd4 27. Bf1 Kf8 28. Kg2 Ke7 29.
a4 Bf5 30. Kf3 Kd6 31. c5+ Kd5 32. Nf4+ Ke5 33. Bc4 Kf6 34. h4 h5 35. Bd3 Bd7 36. Be4 Bg4+ 37. Kg2 a6 38. Nd3 Be2 39. Nf4 Bg4 40.
b5 axb5 41. axb5 cxb5 42. c6 bxc6 43. Bxc6 b4 44. Nd5+ Ke5 45. Nxb4 Bc3 46. Nd3+ Kf6 47. Bd5 Bf5 48. Nf4 Be5 49. Ne2 Bd3 50. Ng1 Bf5 51. Nf3 Bd6 52. Ng5 Bd7 53. Nxf7 Be8 54. Nxd6 1-0

[Event "Late-Titled-Tuesday-Blitz-March-26-2024"]
[Site "Chess.com"]
[Date "2024.03.26"]
[Round "3"]
[White "The_Machine04"]
[Black "Oleksandr_Bortnyk"]
[Result "0-1"]
[WhiteElo "2790"]
[BlackElo "3052"]
[TimeControl "180+1"]
[EndTime "14:30:43 PDT"]
[Termination "Oleksandr_Bortnyk won by checkmate"]

1. d4 Nf6 2. Nf3 b6 3. Nbd2 Bb7 4. e3 g6 5. Bd3 d5 6. Ne5 Bg7 7. O-O c5 8. c3 O-O 9. f4 Nbd7 10. Qf3 Ne8 11. Qh3 e6 12. g4 Nd6 13. g5 cxd4 14.
exd4 Rc8 15. Qg2 b5 16. a3 a5 17. h4 b4 18. cxb4 axb4 19. a4 Qb6 20. Qf2 Rfd8 21. a5 Qa7 22. a6 Ba8 23. h5 Ne4 24. Nxe4 dxe4 25. Bb5 Nb6 26. Be3 Nd5 27. Rfd1 b3 28.
hxg6 hxg6 29. Rd2 Nxe3 30. Qxe3 Rc2 31. Rad1 Qb6 32. Bf1 Bd5 33. Qf2 Rdc8 34. Qe3 Rxd2 35. Rxd2 Rc1 36. Kf2 Rc2 37. Be2 Bf8 38. Bd1 Rxd2+ 39.
Qxd2 Qxa6 40. Be2 Qa1 41. Ng4 Bg7 42. Bd1 Qa7 43. Ne5 Bf8 44. Qc3 Qb6 45. Ng4 Bg7 46.
Nf6+ Bxf6 47. gxf6 Qb8 48. Qg3 Qb6 49. Ke3 Qd8 50. Qh4 Qf8 51. Qg5 Qb4 52. Be2 Qf8 53.
Qh4 Qc8 54. Qh6 Qf8 55. Qg5 Bb7 56. Bg4 Bd5 57. Bh3 Qb4 58. Qh6 Qe1# 0-1

[Event "Late-Titled-Tuesday-Blitz-March-26-2024"]
[Site "Chess.com"]
[Date "2024.03.26"]
[Round "3"]
[White "Eloist"]
[Black "ChessQueen"]
[Result "0-1"]
[WhiteElo "2484"]
[BlackElo "2709"]
[TimeControl "180+1"]
[EndTime "14:30:44 PDT"]
[Termination "ChessQueen won on time"]

1. e4 c6 2. Nf3 d5 3. d3 Qc7 4.
Nc3 Nf6 5. e5 Nfd7 6. d4 e6 7.
Bd3 c5 8. Bf4 cxd4 9. Nb5 Qb6 10.
Nbxd4 Nc6 11. Nb3 h6 12. h4 g6 13. O-O Bg7 14. Re1 a5 15. a4 O-O 16. Qd2 Qb4 17.
Bxh6 Qxd2 18. Bxd2 Ndxe5 19. Nxe5 Nxe5 20. Nxa5 Nxd3 21. cxd3 Bxb2 22. Ra2 Bf6 23. g3 b6 24. Nc6 Bd7 25. Ne5 Bxa4 26. f4 Rfc8 27. Rea1 b5 28.
Kf2 Ra7 29. Ke3 Rac7 30. Bb4 Rc2 31. Kd4 Rxa2 32. Rxa2 Bg7 33. Ra3 Bf8 34. Bxf8 Kxf8 35. Rc3 Rxc3 36. Kxc3 Ke7 37. Kb4 Kf6 38. g4 Kg7 39.
Nc6 f6 40. Nd4 e5 41. fxe5 fxe5 42. Nxb5 Bd1 43. Nc7 Bxg4 44. Nxd5 Be6 45. Nc7 Bf7 46. Kc5 Kh6 47. Kd6 Kh5 48. Kxe5 Kxh4 49. d4 g5 50. Ne6 g4 51. Nf4 g3 52. d5 Kg4 53. Ng2 Be8 54. d6 Bc6 55. Ne3+ Kh3 56. Nd1 g2 57. Nf2+ Kg3 58. Ne4+ Kh2 0-1

[Event "Late-Titled-Tuesday-Blitz-March-26-2024"]
[Site "Chess.com"]
[Date "2024.03.26"]
[Round "3"]
[White "wild3000"]
[Black "TokChess"]
[Result "0-1"]
[WhiteElo "2422"]
[BlackElo "2620"]
[TimeControl "180+1"]
[EndTime "14:30:44 PDT"]
[Termination "TokChess won on time"]

1. e4 Nf6 2. e5 Nd5 3. d4 d6 4.
Nf3 Bg4 5. h3 Bxf3 6. Qxf3 c6 7.
exd6 Qxd6 8. Be2 g6 9. O-O Bg7 10. c3 O-O 11. Nd2 Nd7 12. Ne4 Qc7 13. Bg5 N7f6 14. Nxf6+ exf6 15. Bd2 Rfe8 16. Bd3 Qb6 17. Rab1 f5 18. Bc4 Nf6 19. Be3 Ne4 20. Rfd1 Qc7 21. a4 a5 22. Bf4 Qb6 23. h4 h5 24. Be3 Qc7 25. Bf4 Qe7 26. g3 Rad8 27. Bd3 Qd7 28. Re1 Qd5 29. Rbd1 Nxc3 30. Qxd5 Nxd5 31. Rxe8+ Rxe8 32. Bd2 Bxd4 33. Bxa5 Ra8 34. Bc3 Bxc3 35. bxc3 Rxa4 36. c4 Nf6 37. Rb1 Ra7 38. Kg2 Kf8 39. Re1 Nd7 40. Bf1 Nc5 41. Re5 Ne6 42. Re1 Ra3 43. Rb1 Ra7 44. Rd1 Ke7 45. Be2 Ra2 46. Bf1 Rb2 47. Ra1 Kf6 48. Re1 f4 49. Kf3 fxg3 50. fxg3 Nd4+ 51. Ke4 Nf5 52. Kf4 Rb4 53. Bd3 Rb3 0-1

[Event "Late-Titled-Tuesday-Blitz-March-26-2024"]
[Site "Chess.com"]
[Date "2024.03.26"]
[Round "3"]
[White "Andreikka"]
[Black "kingofthenil"]
[Result "1-0"]
[WhiteElo "3000"]
[BlackElo "2759"]
[TimeControl "180+1"]
[EndTime "14:30:45 PDT"]
[Termination "Andreikka won by resignation"]

1. d4 d6 2. Nf3 Nc6 3. d5 Ne5 4. Nxe5 dxe5 5. c4 e6 6. Nc3 Nf6 7. g3 exd5 8. cxd5 Bd6 9. Bg2 O-O 10. O-O h6 11. Qc2 Bd7 12. h3 Qe7 13. Kh2 Rae8 14. e4 Nh7 15. Be3 h5 16. Qe2 h4 17. g4 g5 18.
Rac1 a6 19. Nd1 Bb5 20. Qc2 Bxf1 21. Bxf1 Rb8 22. Bd2 Rfc8 23. Ne3 Qd7 24. Nf5 f6 25. Be3 Nf8 26. Qb3 Ng6 27. Ba7 Ra8 28. Qxb7 Ne7 29. Nxd6 Qxd6 30. Bc5 Qd8 31. Ba3 Ng6 32. Rc6 Rcb8 33.
Qxc7 Qxc7 34. Rxc7 Rc8 35. d6 Rd8 36. Bc4+ Kh8 37. Rf7 Nf4 38. Rxf6 Rf8 39. Rxf8+ Rxf8 40. Bxa6 Ne2 41. d7 Rxf2+ 42. Kh1 Ng3+ 43. Kg1 Rd2 44. Bb5 Rd1+ 45. Kf2 Rd2+ 46. Ke1 Rd4 47. Be7 Rxe4+ 48. Kd1 Rd4+ 49. Kc2 Ne4 50. d8=Q+ Rxd8 51. Bxd8 Kg7 52. Bf1 Kh6 53. Bg2 Ng3 54. Bb6 e4 55. Be3 Ne2 56. Kd2 Nf4 57. Bxe4 Nxh3 58. Ke2 Nf4+ 59.
Bxf4 gxf4 60. Bg2 1-0

[Event "Late-Titled-Tuesday-Blitz-March-26-2024"]
[Site "Chess.com"]
[Date "2024.03.26"]
[Round "3"]
[White "ritanovikova"]
[Black "norwaytoadog"]
[Result "1-0"]
[WhiteElo "2123"]
[BlackElo "2377"]
[TimeControl "180+1"]
[EndTime "14:30:45 PDT"]
[Termination "ritanovikova won on time"]

1. e4 c5 2. Nc3 Nc6 3. d3 g6 4. Be3 d6 5. Qd2 Bg7 6. g3 Rb8 7. Bg2 b5 8. Nge2 b4 9. Nd1 Nd4 10. c3 bxc3 11. bxc3 Nxe2 12. Qxe2 Qa5 13. Bd2 e6 14. O-O Ne7 15. Rc1 O-O 16. Bf4 e5 17.
Bg5 f6 18. Be3 Be6 19. Rc2 Qa4 20. c4 Nc6 21. Nc3 Qa5 22. Nd5 Nb4 23. Nxb4 Rxb4 24. Bd2 Qa4 25. Bxb4 cxb4 26. Rb2 a5 27. Rfb1 Rc8 28.
Qd1 Qa3 29. Bf3 f5 30. Qb3 fxe4 31. Bxe4 Qxb3 32. axb3 Bh6 33. Ra2 Bd2 34. Rxd2 Kf7 35. Ra2 Rc7 36. Rba1 Kf6 37. Rxa5 Rg7 38. Ra7 Rxa7 39.
Rxa7 h5 40. f4 exf4 41. gxf4 g5 42. fxg5+ Kxg5 43. Kf2 Kf4 44. Ra6 Ke5 45. Ra5+ Kf6 46.
Rxh5 Bg4 47. Rb5 Bd1 48. Rxb4 Ke5 49. Rb6 Bc2 50. b4 1-0

[Event "Late-Titled-Tuesday-Blitz-March-26-2024"]
[Site "Chess.com"]
[Date "2024.03.26"]
[Round "3"]
[White "DinaBelenkaya"]
[Black "reevecanada"]
[Result "1-0"]
[WhiteElo "2494"]
[BlackElo "2680"]
[TimeControl "180+1"]
[EndTime "14:30:49 PDT"]
[Termination "DinaBelenkaya won by checkmate"]

1. Nf3 d5 2. g3 Nf6 3. Bg2 Nbd7 4. d4 g6 5. O-O Bg7 6. c4 c6 7. Nc3 O-O 8. b3 Nb6 9. c5 Nbd7 10. Bf4 Nh5 11.
Bg5 Nxc5 12. dxc5 Bxc3 13. Bh6 Bxa1 14. Qxa1 Re8 15. Ne5 f6 16. g4 fxe5 17. gxh5 d4 18.
hxg6 hxg6 19. Qc1 Bf5 20. e4 dxe3 21. fxe3 e4 22. Qe1 Qd5 23. Qg3 e6 24. Qg5 Qxc5 25. Bxe4 Qe7 26. Rxf5 exf5 27. Qxg6+ Kh8 28. Qxf5 Rg8+ 29.
Kh1 Rad8 30. Bc2 Rd2 31. Bf4 Rxc2 32. Be5+ Rg7 33. Bxg7+ Kxg7 34. Qxc2 Qxe3 35. Qg2+ Kh6 36. h3 Qe1+ 37. Kh2 Qe5+ 38. Kh1 Qe6 39. Kh2 b5 40. Qd2+ Kh5 41. Qd1+ Kh4 42. Qd4+ Kg5 43. h4+ Kh5 44.
Kg3 Qg6+ 45. Kf3 Qf5+ 46. Ke3 Qh3+ 47. Kd2 Qh2+ 48. Kc3 Qxh4 49. Qxh4+ Kxh4 50. Kd4 a5 51. Kc5 a4 52. Kxc6 axb3 53. axb3 b4 54. Kc5 Kg5 55. Kxb4 Kf6 56. Kc5 Ke7 57. Kc6 Kd8 58. Kb7 Kd7 59. b4 Kd6 60. b5 Kc5 61. b6 Kb5 62. Kc7 Ka6 63. b7 Ka7 64. b8=Q+ Ka6 65. Qb6# 1-0

[Event "Late-Titled-Tuesday-Blitz-March-26-2024"]
[Site "Chess.com"]
[Date "2024.03.26"]
[Round "3"]
[White "nindjaxx8"]
[Black "GMMikhailKazakov"]
[Result "0-1"]
[WhiteElo "2633"]
[BlackElo "2467"]
[TimeControl "180+1"]
[EndTime "14:30:51 PDT"]
[Termination "GMMikhailKazakov won by resignation"]

1. d4 Nf6 2. c4 e6 3. Nc3 Bb4 4. Qc2 c5 5. dxc5 Bxc5 6. Nf3 b6 7. Bg5 Bb7 8. e3 h6 9. Bh4 Be7 10. Be2 O-O 11. O-O Na6 12. Rad1 Nc5 13. Nd4 a6 14. Bf3 Qc8 15. Bxb7 Qxb7 16. Nf3 Rfe8 17. Qe2 Rac8 18. b3 Nfe4 19. Nxe4 Nxe4 20. Bxe7 Rxe7 21. Rd4 b5 22. cxb5 axb5 23. h3 d5 24. Qb2 Rec7 25. a4 bxa4 26. Rxa4 Rc3 27. b4 Rc2 28. Qe5 Qc7 29. Qxc7 R8xc7 30. b5 Rb2 31. Nd4 e5 32. Nc6 f6 33.
Ra8+ Kh7 34. Ra5 Rb7 35. Nd8 R7xb5 36. Ra7 Rb6 37. Rc1 Rb1 38. Rxb1 Rxb1+ 39. Kh2 Rb6 40.
f3 Ng5 41. Rd7 Ne6 42. Nxe6 Rxe6 43. Rxd5 h5 44. e4 Ra6 45. Kg3 g5 46. h4 Kg6 47.
hxg5 Kxg5 48. Rd8 Kg6 49. Rg8+ Kh7 50. Rf8 Kg7 51. Rb8 Kg6 52. Rh8 Ra1 53. Rg8+ Kf7 54.
Rb8 Kg6 55. Kf2 Ra2+ 56. Kg3 Rc2 57. Rb7 Kh6 58. Re7 Kg6 59. Kh3 Kh6 60. Re8 Kg7 61.
Rg8+ Kxg8 0-1

[Event "Late-Titled-Tuesday-Blitz-March-26-2024"]
[Site "Chess.com"]
[Date "2024.03.26"]
[Round "3"]
[White "Nechitaylo_Nikita"]
[Black "PNEPaul"]
[Result "1-0"]
[WhiteElo "2363"]
[BlackElo "1962"]
[TimeControl "180+1"]
[EndTime "14:30:54 PDT"]
[Termination "Nechitaylo_Nikita won on time"]

1. d4 Nf6 2. c4 c5 3. d5 Ne4 4. Qc2 Qa5+ 5. Nd2 Nf6 6. Nf3 d6 7. e4 g6 8. Be2 Bg7 9. O-O Na6 10. Nb3 Qd8 11. Bf4 O-O 12. h3 h6 13. e5 dxe5 14.
Nxe5 Bf5 15. Bd3 Nb4 16. Qe2 Nxd3 17. Nxd3 Bxd3 18. Qxd3 b6 19. Rfe1 Qd7 20. Qe3 g5 21. Bh2 Rfe8 22. Rad1 Nh5 23. Qf3 Nf6 24. Nc1 g4 25.
hxg4 Qxg4 26. Qxg4 Nxg4 27. Nd3 Bd4 28. Bf4 Kh7 29. Kf1 Bg7 30. f3 Nf6 31. Ke2 Nh5 32. Be3 Ng3+ 33. Kf2 Nf5 34. g4 Nxe3 35. Kxe3 Bd4+ 36.
Kf4 a6 37. b4 Kg6 38. bxc5 bxc5 39. Ne5+ Bxe5+ 40. Kxe5 Rab8 41. Rb1 Rb4 42. Rxb4 cxb4 43. Rb1 a5 44. f4 Rc8 45. Kd4 f5 46. gxf5+ Kxf5 47. Re1 Rc7 48. Re6 Kxf4 49. Rxh6 a4 50. Rb6 b3 51. axb3 axb3 52. Rxb3 Kf5 53. Re3 Kf6 54. c5 Ra7 55. d6 Ra4+ 56. Kd5 exd6 57. cxd6 Ra5+ 58. Kc6 Ra6+ 59. Kc7 Ra1 60. d7 Rc1+ 61. Kd8 Rd1 62. Rf3+ Ke6 63. Ke8 1-0

[Event "Late-Titled-Tuesday-Blitz-March-26-2024"]
[Site "Chess.com"]
[Date "2024.03.26"]
[Round "3"]
[White "zverr1"]
[Black "dretch"]
[Result "1/2-1/2"]
[WhiteElo "2566"]
[BlackElo "2861"]
[TimeControl "180+1"]
[EndTime "14:30:56 PDT"]
[Termination "Game drawn by repetition"]

1. e4 e6 2. d4 d5 3. Nc3 Nf6 4.
Bg5 dxe4 5. Nxe4 Be7 6. Bxf6 Bxf6 7. Nf3 Nd7 8. Bd3 c5 9. O-O O-O 10. Nxf6+ Qxf6 11. c3 cxd4 12. Nxd4 e5 13. Nb3 Re8 14. Qc2 Nf8 15. Rad1 Bg4 16. f3 Qb6+ 17. Qf2 Be6 18. Be4 f5 19. Bd5 Red8 20. Bxe6+ Nxe6 21. Rfe1 Qxf2+ 22.
Kxf2 Nf4 23. Nc1 Ng6 24. g3 Kf7 25. Nd3 Rd5 26. Nb4 Rxd1 27. Rxd1 Ke6 28. Nd5 Rc8 29. Ne3 Ne7 30. Rd2 g6 31. Ke2 Ng8 32. Nd5 Rc5 33. Ne3 Nf6 34. Rd8 Ra5 35. a3 Rc5 36. Kd2 Rc7 37.
Kd3 Rd7+ 38. Rxd7 Nxd7 39. Nc4 Nc5+ 40. Ke3 g5 41. b4 f4+ 42. gxf4 gxf4+ 43. Kd2 Nd7 44.
Kd3 b6 45. a4 Nf6 46. a5 b5 47.
Na3 a6 48. c4 bxc4+ 49. Kxc4 e4 50. fxe4 f3 51. Kd3 Nxe4 52. b5 f2 53. Ke2 axb5 54. Nxb5 Kd5 55. a6 Kc6 56. a7 Kb7 57. Kf1 h5 58. h4 Ka8 59. Ke2 Kb7 60. Kf1 Ka8 61.
Ke2 Kb7 62. Kf1 1/2-1/2

[Event "Late-Titled-Tuesday-Blitz-March-26-2024"]
[Site "Chess.com"]
[Date "2024.03.26"]
[Round "3"]
[White "TanitoluwaAps116"]
[Black "FabianoCaruana"]
[Result "0-1"]
[WhiteElo "2820"]
[BlackElo "3101"]
[TimeControl "180+1"]
[EndTime "14:30:59 PDT"]
[Termination "FabianoCaruana won by checkmate"]

1. e4 e5 2. Nf3 Nc6 3. Bc4 Nf6 4. d3 Be7 5. c3 O-O 6. O-O d6 7. h3 Na5 8. Bb5 a6 9. Ba4 b5 10. Bc2 c5 11. Re1 Re8 12. Nbd2 Bf8 13. Nf1 h6 14. Ng3 Nc6 15. Be3 d5 16. exd5 Nxd5 17.
Bd2 Bb7 18. Rc1 Rc8 19. Kh2 g6 20. a3 Bg7 21. Bb3 Na5 22. Ba2 c4 23. Qc2 Qb6 24. Re2 cxd3 25. Qxd3 Nc4 26. Qc2 f5 27. Rce1 e4 28. Nh4 Qf6 29. Nf3 Qd6 30. Bc1 Kh7 31. Nd4 Be5 32. Rd1 Qf6 33. Kg1 Red8 34. a4 Nf4 35.
Bxf4 Bxf4 36. axb5 axb5 37. Nxb5 Rxd1+ 38. Qxd1 Rd8 39. Nd4 Ne5 40. Qb3 Bd5 41. Qa4 Ra8 42. Qb5 Rxa2 43. Qxd5 Ra1+ 44. Nf1 Qf7 45. Qd6 Nd3 46. Qc6 Be5 47.
g3 h5 48. Kg2 h4 49. f4 Bg7 50. g4 Nxf4+ 51. Kf2 Nxe2 52. Kxe2 Bxd4 53. cxd4 fxg4 54. Nd2 e3 55. Kxe3 Re1+ 56. Kd3 Qf5+ 57. Ne4 gxh3 58. Qc7+ Kh6 59. Qd8 Qxe4+ 60. Kc3 Qe8 61. Qxh4+ Kg7 62.
Qxh3 Re3+ 63. Qxe3 Qxe3+ 64. Kc4 g5 65. b4 g4 66. b5 g3 67. b6 Qe4 68. b7 Qxb7 69.
Kd3 Qd7 70. Ke2 Qxd4 71. Kf3 Qf2+ 72. Kg4 g2 73. Kh3 Qf1 74. Kh4 g1=Q 75. Kh5 Qh3# 0-1

[Event "Late-Titled-Tuesday-Blitz-March-26-2024"]
[Site "Chess.com"]
[Date "2024.03.26"]
[Round "3"]
[White "Fandorine"]
[Black "ACollins05"]
[Result "1/2-1/2"]
[WhiteElo "2894"]
[BlackElo "2521"]
[TimeControl "180+1"]
[EndTime "14:31:02 PDT"]
[Termination "Game drawn - insufficient material"]

1. e4 c5 2. Nf3 d6 3. Nc3 Nf6 4. e5 dxe5 5. Nxe5 Bd7 6. Nxd7 Qxd7 7. Bb5 Nc6 8. Qf3 Rc8 9. O-O e6 10. d3 Be7 11. a4 a6 12. Bxc6 Qxc6 13. Qg3 O-O 14.
Bh6 Ne8 15. a5 Bd6 16. Bf4 Bxf4 17. Qxf4 Qd6 18. Qc4 Nf6 19. Rfe1 Qd4 20. b3 Rfd8 21. h3 Nd5 22. Na4 Nb4 23. Rac1 Na2 24. Rcd1 Nb4 25. c3 Qxc4 26. dxc4 Nc6 27. Nxc5 Nxa5 28. b4 Nxc4 29. Nxb7 Rxd1 30. Rxd1 Kf8 31. Ra1 Rc6 32. g3 Nd2 33. Nc5 a5 34. Rxa5 Nb1 35. Ra8+ Ke7 36. Ra7+ Ke8 37. c4 Nd2 38. Ra8+ Ke7 39. Ra7+ Ke8 40. Kg2 Nxc4 41. Ne4 h6 42. Ra8+ Ke7 43. Rb8 Rb6 44.
Rxb6 Nxb6 45. Nc3 Kd6 46. Kf3 Nd5 47. Na2 f5 48. Ke2 e5 49. Kd3 g5 50. Kc4 e4 51.
Nc3 Nb6+ 52. Kd4 Nd7 53. g4 fxg4 54. Nxe4+ Kc6 55. hxg4 Kb5 56. Kd5 Kxb4 57. Ke6 Nb6 58. Kf6 Nc4 59. Ng3 Kc3 60. Nf5 Kd3 61. Nxh6 Ke2 62. Kxg5 Kxf2 63. Kf4 Nd6 64. g5 Ke2 65. g6 Ne8 66. Ke5 Kf3 67. Nf5 Kg4 68. Nd6 Kg5 69. Nxe8 Kxg6 1/2-1/2

[Event "Late-Titled-Tuesday-Blitz-March-26-2024"]
[Site "Chess.com"]
[Date "2024.03.26"]
[Round "3"]
[White "cthulhuuu"]
[Black "Bilan_Danila"]
[Result "0-1"]
[WhiteElo "2422"]
[BlackElo "2632"]
[TimeControl "180+1"]
[EndTime "14:31:04 PDT"]
[Termination "Bilan_Danila won by resignation"]

1. e4 c6 2. d3 d5 3. Nd2 e5 4. Ngf3 Bd6 5. d4 exd4 6. exd5 Nf6 7. dxc6 Nxc6 8. Nb3 O-O 9. Be2 Bg4 10. O-O Re8 11.
h3 Bh5 12. Nfxd4 Bxe2 13. Nxe2 Bh2+ 14. Kxh2 Qxd1 15. Rxd1 Rxe2 16. Rd2 Re1 17. c3 a5 18.
a4 h5 19. Rc2 Rae8 20. Be3 Rxa1 21. Nxa1 Nd5 22. Re2 f5 23. g3 Kf7 24. Nb3 Ne5 25. Kg2 Nc4 26. Kf3 Ne5+ 27. Kg2 Nd3 28. Kf1 Nxe3+ 29.
Rxe3 Rxe3 30. fxe3 b6 31. c4 Nxb2 32. c5 bxc5 33. Nxc5 Ke7 34. Ke2 g5 35. h4 g4 36.
Kd2 Kd6 37. Nb7+ Ke5 38. Nxa5 Nxa4 39. Nc4+ Ke4 40. Nd6+ Ke5 41. Nc4+ Kd5 42. Na3 Ke4 43. Nc2 Kf3 44. Nd4+ Kxg3 45. Nxf5+ Kf3 46. Ke1 g3 47. Kf1 Nb2 48. Nxg3 Kxg3 49. e4 Nc4 50. Ke2 Kxh4 51. Kd3 Ne5+ 52. Kd4 Ng4 53. e5 Nxe5 54. Kxe5 Kg3 0-1

[Event "Late-Titled-Tuesday-Blitz-March-26-2024"]
[Site "Chess.com"]
[Date "2024.03.26"]
[Round "3"]
[White "misterlamine"]
[Black "Zampronha1971"]
[Result "0-1"]
[WhiteElo "2478"]
[BlackElo "2375"]
[TimeControl "180+1"]
[EndTime "14:31:04 PDT"]
[Termination "Zampronha1971 won by resignation"]

1. d4 Nf6 2. Nf3 e6 3. e3 b6 4. c4 Bb7 5. Nc3 Bb4 6. Bd2 O-O 7.
Bd3 Bxc3 8. Bxc3 Ne4 9. Qc2 f5 10. O-O d6 11. b3 Nxc3 12. Qxc3 Bxf3 13. gxf3 Qh4 14. Kh1 Rf6 15. Rg1 Qxf2 16. Raf1 Qxe3 17. c5 bxc5 18. dxc5 Nd7 19. c6 Ne5 20. f4 Qxd3 21.
Qb2 Qe4+ 22. Rg2 Rg6 23. fxe5 Qxg2+ 24. Qxg2 Rxg2 25. Kxg2 d5 26. Kf3 Rb8 27. Rc1 Rb6 28. Ke3 Kf7 29. Rc5 g5 30. Ra5 a6 31. Rc5 f4+ 32. Kd3 Kg6 33. Kc3 Kf5 34. a4 Kxe5 35. a5 Rb8 36. b4 Kd6 37. Kb3 e5 38. Rc1 e4 39. Rg1 h6 40. h4 Rg8 41. Ka4 g4 42. h5 g3 43. b5 axb5+ 44. Kxb5 f3 45. a6 g2 46. a7 Ke5 47. Ka6 Ra8 48. Kb7 Rxa7+ 49. Kxa7 f2 50. Rxg2 f1=Q 51. Rg7 Qa1+ 52.
Kb7 Kd4 53. Rxc7 e3 54. Re7 Kd3 55. c7 Qc1 56. Rd7 d4 57. Rd6 Qxc7+ 58. Kxc7 e2 59. Rxh6 e1=Q 60. Rd6 Qg3 61. h6 Qh2 62. Kd7 Kc2 63.
Ke7 d3 64. Rc6+ Kd1 65. Kf7 d2 66. Kg7 Qg2+ 67. Rg6 Qb7+ 68. Kg8 Kc1 69. h7 Qb3+ 70. Kg7 d1=Q 71. h8=Q Qd4+ 72. Kh6 Qh3+ 73. Kg5 Qhxh8 74. Rc6+ Qc3 75. Rxc3+ Qxc3 0-1

[Event "Late-Titled-Tuesday-Blitz-March-26-2024"]
[Site "Chess.com"]
[Date "2024.03.26"]
[Round "3"]
[White "alexrustemov"]
[Black "BilicVladimir"]
[Result "1/2-1/2"]
[WhiteElo "2917"]
[BlackElo "2646"]
[TimeControl "180+1"]
[EndTime "14:31:06 PDT"]
[Termination "Game drawn - insufficient material"]

1. d4 d5 2. c4 dxc4 3. Nf3 e6 4. e3 c5 5. Bxc4 Nc6 6. O-O Nf6 7. a3 cxd4 8. exd4 Be7 9. Nc3 O-O 10. Re1 b6 11. Bg5 Bb7 12. Ba2 Nd5 13. Bxd5 Bxg5 14. Be4 Bf6 15. Qd3 h6 16. Rad1 Na5 17. b4 Bxe4 18.
Nxe4 Nb7 19. Ne5 Bxe5 20. dxe5 Qxd3 21. Rxd3 Rfd8 22. Red1 Rxd3 23. Rxd3 Rd8 24. Rxd8+ Nxd8 25. Nd6 Nc6 26. f4 Nd4 27. Kf2 Nc2 28. Nc8 Nxa3 29.
Nxa7 g5 30. fxg5 hxg5 31. Ke3 Nc2+ 32. Ke4 Nxb4 33. Nb5 Nd5 34. Nd6 Kg7 35. g3 Kg6 36.
h4 gxh4 37. gxh4 Nc7 38. h5+ Kxh5 39. Nxf7 b5 40. Nd8 Kg4 41. Kd4 Kf5 42. Nc6 Na6 43. Nd8 b4 44. Nc6 Kf4 45. Kc4 Ke4 46. Nd4 Kxe5 47.
Nb3 Ke4 48. Kb5 Kd3 49. Kxa6 Kc3 50. Nc5 b3 51. Kb5 e5 52. Na4+ Kd2 53. Kc4 Kc2 54.
Kd5 Kd3 55. Kxe5 Kc4 56. Ke4 Kb4 57. Nb2 Kc3 58. Nd3 Kc2 59. Ke3 Kc3 60. Ke2 Kc2 61. Ke3 Kc3 62. Ke2 Kd4 63. Kd2 Kc4 64. Nb2+ Kb4 65. Kd3 Ka3 66. Kc3 Ka2 67. Nc4 Kb1 68. Kxb3 1/2-1/2

[Event "Late-Titled-Tuesday-Blitz-March-26-2024"]
[Site "Chess.com"]
[Date "2024.03.26"]
[Round "3"]
[White "KetiTsatsalashvili"]
[Black "Zavgorodniy_Sergiy"]
[Result "1-0"]
[WhiteElo "2452"]
[BlackElo "2640"]
[TimeControl "180+1"]
[EndTime "14:31:07 PDT"]
[Termination "KetiTsatsalashvili won by checkmate"]

1. d4 d5 2. Nf3 Nf6 3. c4 dxc4 4. e3 e6 5. Bxc4 a6 6. a4 c5 7. O-O Nc6 8. Qe2 cxd4 9. Rd1 Be7 10. exd4 O-O 11.
Nc3 Nb4 12. Ne5 Bd7 13. Bg5 Bc6 14. Rac1 Rc8 15. Nxf7 Rxf7 16. Bxe6 Nbd5 17. Bxf6 Bxf6 18. Nxd5 Kf8 19. Bxf7 Kxf7 20. Nxf6 Qxf6 21. d5 Bd7 22. Rxc8 Bxc8 23. Qc4 Bd7 24. d6+ Kf8 25. Qc7 Qe6 26.
h3 b5 27. a5 h5 28. Qb6 Qe2 29. Rc1 Kf7 30. Qxa6 Qxb2 31. Re1 Kf6 32. Qb6 Qc3 33. Qd8+ Kg6 34. Re3 Qc1+ 35. Kh2 Qc6 36. Qe7 h4 37. Rf3 b4 38. Qf7+ Kh6 39. Qf4+ Kg6 40. Qxh4 Qxd6+ 41. Rg3+ Kf7 42. Qc4+ Be6 43. Qe4 b3 44. Qf3+ Kg8 45. Qc3 Qd7 46. a6 Bd5 47. a7 Qxa7 48. Qc8+ Kh7 49.
Qf5+ Kh8 50. Qxd5 b2 51. Qh5+ Kg8 52. Qe8+ Kh7 53. Qe4+ Kh8 54. Qb1 Qb8 55. h4 Qb4 56.
h5 Qd2 57. Rf3 Qd6+ 58. g3 Qc5 59. Qxb2 Qxh5+ 60. Kg2 Kh7 61. Rf4 Qd5+ 62. Kh2 Qh5+ 63. Rh4 Qxh4+ 64. gxh4 g6 65. Qd2 Kg7 66. Qg5 Kh7 67.
h5 gxh5 68. Qxh5+ Kg7 69. Qf5 Kh6 70. Qg4 Kh7 71. f4 Kh8 72. f5 Kh7 73. Qg6+ Kh8 74. Qg5 Kh7 75. f6 Kh8 76. Qg7# 1-0

[Event "Late-Titled-Tuesday-Blitz-March-26-2024"]
[Site "Chess.com"]
[Date "2024.03.26"]
[Round "3"]
[White "GMBenjaminBok"]
[Black "Casablanca"]
[Result "1-0"]
[WhiteElo "2988"]
[BlackElo "2656"]
[TimeControl "180+1"]
[EndTime "14:31:08 PDT"]
[Termination "GMBenjaminBok won by checkmate"]

1. d4 Nf6 2. c4 e6 3. Nc3 c5 4.
Nf3 cxd4 5. Nxd4 Nc6 6. g3 Nxd4 7. Qxd4 Qc7 8. Bg2 a6 9. O-O Bc5 10. Qd3 h6 11. Bf4 e5 12. Be3 d6 13. Rfd1 Bxe3 14.
Qxe3 Be6 15. b3 Ke7 16. Rd2 Rhd8 17. Rad1 Rab8 18. h3 b5 19. cxb5 axb5 20. g4 b4 21.
Ne4 Nxe4 22. Bxe4 Qc5 23. Qf3 Rbc8 24. Bf5 d5 25. Bxe6 fxe6 26. Qg3 Rf8 27. e3 e4 28. Qe5 Qd6 29. Rxd5 Qxe5 30. Rxe5 Rc2 31. Rf1 Rxa2 32.
Rxe4 Rb8 33. Rc1 Rb7 34. Rc6 Rb2 35. Rexe6+ Kf7 36. Rb6 Rxb6 37. Rxb6 Rxb3 38. Kg2 Rb2 39. Kg3 Ke7 40. f4 Rb1 41. e4 b3 42. e5 g5 43. f5 b2 44. Kg2 Re1 45. Rb7+ Kf8 46. Rxb2 Rxe5 47. Rb6 Kg7 48. Rg6+ Kh7 49. Kf3 Re8 50.
Re6 Ra8 51. Re7+ Kg8 52. Ke4 Ra5 53. Re6 Kg7 54. Rg6+ Kh7 55. Rd6 Ra3 56. Rd7+ Kg8 57. Rd3 Ra5 58. Rd5 Ra3 59. Ke5 Rxh3 60. Kf6 Ra3 61.
Kg6 Kf8 62. Kxh6 Kf7 63. Kxg5 Ra6 64. Rd7+ Kg8 65. Re7 Kf8 66. Rb7 Ra4 67. f6 Ke8 68.
Kf5 Ra5+ 69. Kg6 Ra4 70. g5 Rh4 71. Kg7 Rh1 72. f7+ Kd8 73. f8=Q# 1-0

[Event "Late-Titled-Tuesday-Blitz-March-26-2024"]
[Site "Chess.com"]
[Date "2024.03.26"]
[Round "3"]
[White "blank0923"]
[Black "olga-belka"]
[Result "1-0"]
[WhiteElo "2584"]
[BlackElo "2340"]
[TimeControl "180+1"]
[EndTime "14:31:08 PDT"]
[Termination "blank0923 won on time"]

1. e4 c5 2. c3 Nf6 3. e5 Nd5 4. d4 cxd4 5. Qxd4 e6 6. Nf3 Nc6 7. Qe4 f5 8. Qe2 b5 9. g3 a5 10.
Bg2 Ba6 11. O-O Be7 12. Rd1 O-O 13. Nbd2 Rc8 14. Nb3 a4 15. Nbd4 a3 16. Nxb5 axb2 17. Bxb2 Qb6 18. a4 Na5 19. Nfd4 Nxc3 20. Bxc3 Rxc3 21.
Qb2 Rfc8 22. Bf1 R3c5 23. Rab1 Nc4 24. Bxc4 Rxc4 25. Qa2 Qc5 26. Nb3 Qxe5 27. Rxd7 Rc2 28. Qa1 Qe2 29. Rf1 Bf6 30. Qe1 Bxb5 31. axb5 Qxb5 32.
Qxe6+ Kh8 33. Rfd1 R2c6 34. Qe3 Qc4 35. Nd4 Bxd4 36.
R7xd4 Qg8 37. Qf3 Rc1 38. Qxf5 Rxd1+ 39. Rxd1 h6 40. h4 Rf8 41. Qd3 Qf7 42. Qe3 Re8 43. Qd2 Qe7 44. Rf1 Qe6 45. Rd1 Qe4 46. Rc1 Qe5 47.
Qc3 Qe6 48. Qf3 Qe7 49. Kg2 Rf8 50. Qd3 Qb7+ 51. Kg1 Qf7 52. Rf1 Qf5 53. Qxf5 Rxf5 54. Kg2 Ra5 55. Re1 Kg8 56. Re7 Kf8 57. Rb7 Ra3 58.
Kh3 Ra2 59. f3 Ra3 60. Kg4 Ra4+ 61. f4 Ra3 62. h5 1-0